Map: [ESL] Royal Blood

Players

Has - Winner!

  • Race: Protoss Protoss
  • Spawn Location: 7:00

iGMacSed (MacSed)

  • Race: Protoss Protoss
  • League: Grandmaster
  • Spawn Location: 1:00

Event: ESL SC2 Masters 2023 Summer (Regionals)

VOD

Have the link to the VOD?

Description

Time

  • Played on: May 3, 2023, 8:08 a.m.
  • Length: 5:32

All games in this series

Show
View Real Time Build Order
Export as new Build Order

Has Protoss - Winner!

Build Orders:  

Get SALT Encoding   

  12  0:00  Probe  
  13  0:12  Probe  
  14  0:16  Pylon  
  14  0:24  Probe (Chrono Boost)  
  16  0:36  Probe (Chrono Boost)  
  16  0:37  Gateway  
  16  0:41  Probe (Chrono Boost)  
  16  0:45  Assimilator  
  17  0:52  Probe  
  17  0:54  Assimilator  
  18  1:04  Probe  
  18  1:06  Gateway  
  19  1:16  Probe  
  20  1:23  Cybernetics Core  
  20  1:29  Probe, Pylon  
  21  1:41  Probe  
  22  1:53  Probe  
  23  1:59  Stalker  
  25  2:05  Robotics Facility  
  27  2:10  Pylon  
  27  2:11  Warp Gate (Chrono Boost)  
  25  2:26  Probe  
  26  2:37  Stalker x2  
  29  2:49  Immortal (Chrono Boost)  
  29  2:58  Gateway  
  33  3:17  Warp Prism (Chrono Boost)  
  34  3:24  Shield Battery  
  34  3:29  Pylon  
  34  3:47  Observer  
  35  3:52  Stalker  
  35  3:53  Stalker x2  
  41  4:03  Pylon  
  41  4:15  Stalker x2  
  41  4:16  Stalker  
  43  4:38  Stalker x2  
  43  4:39  Zealot  
  45  5:01  Stalker x2  
  45  5:04  Stalker  
  51  5:10  Pylon  
  49  5:26  Stalker x2  
Show
View Real Time Build Order
Export as new Build Order

iGMacSed Protoss 

Build Orders:  

Get SALT Encoding   

  12  0:00  Probe  
  13  0:12  Probe  
  14  0:17  Pylon  
  14  0:24  Probe (Chrono Boost)  
  15  0:36  Probe (Chrono Boost), Gateway  
  16  0:43  Probe (Chrono Boost)  
  16  0:46  Assimilator  
  17  0:50  Probe  
  17  0:54  Assimilator  
  18  1:03  Probe (Chrono Boost)  
  19  1:09  Gateway  
  19  1:15  Probe (Chrono Boost)  
  20  1:21  Probe (Chrono Boost)  
  20  1:23  Cybernetics Core  
  21  1:29  Probe  
  22  1:34  Pylon  
  22  1:41  Probe  
  23  1:53  Probe  
  24  2:00  Warp Gate, Stalker x2  
  28  2:07  Probe  
  29  2:11  Pylon  
  29  2:29  Stalker  
  29  2:30  Stalker  
  33  2:43  Stargate  
  33  3:03  Nexus  
  33  3:05  Probe  
  34  3:11  Pylon  
  34  3:23  Shield Battery  
  36  3:34  Void Ray (Chrono Boost)  
  36  3:38  Shield Battery  
  36  3:48  Zealot  
  36  3:50  Zealot  
  40  4:09  Void Ray (Chrono Boost)  
  44  4:14  Zealot  
  44  4:16  Zealot  
  48  4:23  Shield Battery  
  46  4:35  Zealot  
  46  4:37  Zealot  
  48  4:56  Zealot  
  48  4:57  Void Ray (Chrono Boost)  
  48  5:03  Stalker  
  50  5:09  Shield Battery  
  50  5:17  Stalker  
Tags
 
Add a new tag
Caveats
  • Supply blocks, unpowered buildings, or Contaminate may cause inaccurate times.
  • Supply counts are checked every 10 seconds.